cohdb
Replays
Latest Replays
All Replays
Popular Replays
Top Player Replays
Match Explorer
How It Works
Community
CoH3 Stats
Reddit
Sign in to upload your games and track your stats! →
Sign in with Steam
Match 41914024
Unlisted
Match 41914024
Overview
Messages
Build Orders
End
Construct Infanterie Kompanie
MG 42 Machine Gun Team
Grenadier Squad
GrW 34 Mortar Team
Grenadier Squad
Construct Panzergrenadier Kompanie
Pak 40 Anti-tank Gun Team
Medical Station
Panzergrenadier Squad
AI Takeover
Kanade
打飞医保卡
焱
Zamalek.YT ✪
Scherzando
NightGoDt
Bruckley
Lord Curzon
0
0
Comments
sign in to comment!
No comments posted yet!